 Dungeon Crawl Stone Soup version 0.24.1 (webtiles) character file.

Game seed: 18364756822149661855, levelgen mode: deterministic

4974 Impishgrin the Basher (level 10, -12/68 HPs)
             Began as a Gargoyle Fighter on Apr 2, 2020.
             Was a Believer of Makhleb.
             Mangled by Gastronok (24 damage)
             ... on level 8 of the Dungeon.
             The game lasted 00:18:01 (7178 turns).

Impishgrin the Basher (Gargoyle Fighter)            Turns: 7178, Time: 00:18:02

Health: -12/68     AC: 17    Str: 20    XL:     10   Next: 53%
Magic:  10/10      EV:  5    Int:  9    God:    Makhleb [**....]
Gold:   492        SH:  9    Dex: 12    Spells: 9/9 levels left

rFire    . . .     SeeInvis .   a - +0 flail
rCold    . . .     Gourm    .   c - +0 shield
rNeg     + . .     Faith    .   j - +0 chain mail
rPois    ∞         Spirit   .   G - +0 helmet
rElec    +         Reflect  .   (no cloak)
rCorr    .         Harm     .   (no gloves)
MR       +....                  (no boots)
Stlth    ..........             (no amulet)
HPRegen  0.21/turn              E - +4 ring of slaying
MPRegen  0.12/turn              p - ring of protection from magic

@: no status effects
A: negative energy resistance 1, electricity resistance, unbreathing,
petrification resistance, rot immunity, AC +7
a: Minor Destruction, Renounce Religion


You were on level 8 of the Dungeon.
You worshipped Makhleb.
Makhleb was pleased with you.
You were not hungry.

You visited 2 branches of the dungeon, and saw 9 of its levels.

You collected 492 gold pieces.

Inventory:

Hand Weapons
 a - a +0 flail (weapon)
Missiles
 m - 13 boomerangs (quivered)
Armour
 c - a +0 shield (worn)
 j - a +0 chain mail (worn)
 G - a +0 helmet (worn)
Jewellery
 o - an uncursed ring of magical power
 p - a ring of protection from magic (right hand)
 r - an uncursed ring of see invisible
 E - a +4 ring of slaying (left hand)
Wands
 s - a wand of digging (7)
 y - a wand of scattershot (3)
 B - a wand of paralysis (8)
Scrolls
 e - 2 scrolls of noise
 h - 3 scrolls of remove curse
 l - 3 scrolls of teleportation
 n - 3 scrolls of fear
 q - 2 scrolls of fog {unknown}
 t - a scroll of enchant armour {unknown}
 w - a scroll of blinking {unknown}
 x - 3 scrolls of identify
 A - a scroll of magic mapping {unknown}
 D - a scroll of random uselessness {unknown}
Potions
 b - 3 potions of degeneration
 d - a potion of resistance
 g - 4 potions of curing
 i - 3 potions of brilliance
 u - a potion of heal wounds {unknown}
 v - 3 potions of flight
 z - a potion of invisibility {unknown}
 C - a potion of mutation {unknown}
Comestibles
 f - 13 rations


   Skills:
 + Level 10.2 Fighting
 * Level 12.3 Maces & Flails
 - Level 3.2 Armour
 - Level 3.2 Shields


You had 9 spell levels left.
You didn't know any spells.
Your spell library contained the following spells:

 Spells                   Type           Power        Failure   Level  Hunger
 Confusing Touch          Hex            #.....       100%        1    ##.....
 Sandblast                Erth           #.....       100%        1    ##.....
 Passwall                 Tmut/Erth      #.......     100%        2    ###....
 Confuse                  Hex            #.......     100%        3    ####...
 Gell's Gravitas          Tloc           #.........   100%        3    ####...
 Stone Arrow              Conj/Erth      #.....       100%        3    ####...
 Petrify                  Tmut/Erth      #.......     100%        4    #####..
 Lee's Rapid Deconstruct  Erth           #.........   100%        5    ######.
 Metabolic Englaciation   Hex/Ice        #.........   100%        5    ######.
 Yara's Violent Unravell  Hex/Tmut       #.........   100%        5    ######.


Dungeon Overview and Level Annotations

Branches:
Dungeon (8/15)             Temple (1/1) D:6
   Lair: D:8-11

Altars:
Ashenzari
Cheibriados
Dithmenos
Elyvilon
Fedhas
Gozag
Hepliaklqana
Kikubaaqudgha
Makhleb
Nemelex Xobeh
Okawaru
Qazlal
Ru
Sif Muna
Trog
Uskayaw
Vehumet
Wu Jian
Xom
Yredelemnul
Zin
The Shining One

Shops:
D:5 %   D:8 =

Annotations:
D:8 Gastronok


Innate Abilities, Weirdness & Mutations

You are resistant to torment.
Your stone body is resilient. (AC +7)
You are immune to poison.
You resist negative energy. (rN+)
You are resistant to electric shocks. (rElec)
You can survive without breathing.
You are immune to petrification.
You are immune to rotting.


Message History

Gastronok waves his eye-stalks in wide circles.
The air twists around and strikes you!!
* * * LOW HITPOINT WARNING * * *
You hit Gastronok.
Gastronok is severely wounded.
You sock Gastronok!
Gastronok is severely wounded.
Gastronok wobbles crazily.
You sock Gastronok!
Gastronok is severely wounded.
You hit Gastronok.
Gastronok is almost dead.
Gastronok bites you.
* * * LOW HITPOINT WARNING * * *
You sock Gastronok!
Gastronok is almost dead.
You sock Gastronok!
Gastronok is almost dead.
Gastronok bites you!!
You die... # # .........# ## ...≈.... .# ....... .## ..... ### .... ..br ..# ...... bO#

#.# ...... #w# #.#
#####. ########@#
##.##
.........###.#.###
............###..#
#.#.#
############.#.#.#
....# ##.##.# o..#
#.##.######## ...#
#.##........# #..#
#....######.# #o.#
####.######.#


You could see Gastronok, an ogre, a river rat and 2 bats.

Vanquished Creatures
  Erica (D:8)
  2 hippogriffs
  A spriggan (D:8)
  Duvessa (D:4)
  4 ice beasts
  An orc warrior (D:7)
  A phantom (D:8)
  3 sky beasts
  4 centaurs
  4 ogres
  A crocodile (D:7)
  2 bullfrogs
  A water moccasin zombie (D:6)
  Dowan (D:4)
  A scorpion (D:8)
  11 killer bees
  5 wights (D:6)
  4 howler monkeys
  3 crimson imps
  3 hounds
  2 jellies (D:7)
  5 orc wizards
  10 worker ants
  An iguana (D:8)
  2 hound zombies (D:5)
  A worker ant zombie (D:8)
  11 adders
  12 gnolls
  An ooze (D:3)
  4 worms
  3 dart slugs
  5 leopard geckos
  28 orcs
  7 bats
  4 giant cockroaches
  10 goblins
  9 hobgoblins
  6 jackals
  6 quokkas
  2 ball pythons
  A ball python skeleton (D:6)
  5 frilled lizards
  8 kobolds
  A quokka zombie (D:6)
  15 rats
213 creatures vanquished.

Notes
Turn   | Place    | Note
-------+----------+-------------------------------------------
     0 | D:1      | Impishgrin the Gargoyle Fighter began the quest for the
                  | Orb.
     0 | D:1      | Reached XP level 1. HP: 14/14 MP: 1/1
   197 | D:1      | Reached XP level 2. HP: 19/19 MP: 2/2
   760 | D:2      | Reached skill level 3 in Maces & Flails
   760 | D:2      | Reached XP level 3. HP: 19/24 MP: 3/3
   999 | D:2      | Reached XP level 4. HP: 29/29 MP: 4/4
  1153 | D:2      | Reached skill level 4 in Maces & Flails
  1502 | D:3      | Reached XP level 5. HP: 28/34 MP: 5/5
  2424 | D:4      | Found an opulent altar of Gozag.
  2488 | D:4      | Noticed an ogre
  2542 | D:5      | Entered Level 5 of the Dungeon
  2723 | D:5      | Reached skill level 5 in Maces & Flails
  2725 | D:5      | Found a sparkling altar of Nemelex Xobeh.
  2880 | D:5      | Reached XP level 6. HP: 34/40 MP: 6/6
  2896 | D:5      | Reached skill level 5 in Fighting
  2906 | D:5      | Found Ypnumut's Food Boutique.
  3217 | D:4      | Noticed Dowan
  3217 | D:4      | Noticed Duvessa
  3228 | D:4      | Killed Duvessa
  3235 | D:4      | Killed Dowan
  3235 | D:4      | Reached skill level 6 in Maces & Flails
  3235 | D:4      | Reached XP level 7. HP: 14/44 MP: 7/7
  3787 | D:4      | Reached skill level 7 in Maces & Flails
  4197 | D:4      | Found an iron altar of Okawaru.
  4405 | D:5      | Reached XP level 8. HP: 52/52 MP: 8/8
  4474 | D:5      | You fall into a shaft and drop 2 floors!
  4478 | D:7      | Noticed a hippogriff
  4501 | D:7      | Killed a hippogriff
  4501 | D:7      | Reached skill level 8 in Maces & Flails
  4651 | D:6      | Found a staircase to the Ecumenical Temple.
  4689 | Temple   | Entered the Ecumenical Temple
  4765 | Temple   | Became a worshipper of Makhleb the Destroyer
  5069 | D:6      | Reached skill level 9 in Maces & Flails
  5117 | D:6      | Reached XP level 9. HP: 53/59 MP: 9/9
  5598 | D:7      | Found a bloodstained altar of Trog.
  5658 | D:7      | Reached skill level 10 in Maces & Flails
  5731 | D:7      | Reached * piety under Makhleb
  6427 | D:6      | Reached skill level 11 in Maces & Flails
  6571 | D:8      | Reached XP level 10. HP: 66/66 MP: 10/10
  6688 | D:8      | Found Teake's Jewellery Shoppe.
  6721 | D:8      | Noticed Erica
  6748 | D:8      | Killed Erica
  6748 | D:8      | Reached skill level 10 in Fighting
  6748 | D:8      | Reached skill level 12 in Maces & Flails
  6806 | D:8      | Reached ** piety under Makhleb
  7150 | D:8      | Noticed Gastronok
  7178 | D:8      | Mangled by Gastronok

Levels and vault maps discovered:
D:1:      evilmike_arrival_plus, layout_basic
D:2:      layout_rooms, minmay_shallow_snake_nest
D:3:      minmay_chambers_of_threes, layout_basic, serial_glass,
          glass_columns_b, glass_columns_a, serial_park_tiny_pond
D:4:      layout_basic, kennysheep_little_box, okawaru_altar_gauntlet_db,
          minmay_fractal_squares_diagonal_5, uniq_duvessa
D:5:      layout_cave_pools, nemelex_xobeh_ov_fountains_minmay, first_ration,
          serial_shops, shop, hangedman_decor_clover_reticule
D:6:      layout_loops_cross, minmay_temple_entry_glass, minmay_starry_boxes
D:7:      layout_basic, lightli_temple_of_fire
D:8:      layout_loops_ring, serial_shops, nicolae_shop_stone, grunt_pizzeria,
          skrybe_limestone_x, uniq_erica, uniq_gastronok
Temple:   compressed_dpeg_circular_temple

Skill      XL: |  1  2  3  4  5  6  7  8  9 10 |
---------------+-------------------------------+-----
Maces & Flails | 3 4 5 6 7 9 11 12 | 12.3
Fighting       | 4 5 6 7 9 10 | 10.2
Armour         | |  3.2
Shields        | |  3.2

Action                   |  1- 3 |  4- 6 |  7- 9 | 10-12 || total
-------------------------+-------+-------+-------+-------++-------
Melee: Flail             |   148 |   459 |   399 |   137 ||  1143
Throw: Boomerang         |       |     1 |       |       ||     1
  Use: Potion            |       |     1 |     4 |       ||     5
       Scroll            |       |       |     8 |     1 ||     9
  Eat: Chunk             |     1 |     7 |     8 |     3 ||    19
       Ration            |       |       |     1 |       ||     1
Armor: Scale mail        |    42 |       |       |       ||    42
       Chain mail        |    64 |   408 |   266 |    64 ||   802
Dodge: Dodged            |    56 |   137 |    99 |     9 ||   301
Block: Shield            |    97 |   339 |   213 |    32 ||   681
